 Dungeon Crawl Stone Soup version 0.19-a0-669-g14f06bd (webtiles) character file.

1630 TheGoonsmith the Destroyer (level 8, -6/57 HPs)
             Began as a Green Draconian Conjurer on June 16, 2016.
             Was a Follower of Vehumet.
             Killed by divine providence
             ... invoked by an orc priest
              (13 damage)
             ... on level 7 of the Dungeon.
             The game lasted 00:12:36 (7867 turns).

TheGoonsmith the Destroyer (DrCj)                   Turns: 7867, Time: 00:12:36

Health: -6/57      AC:  8    Str: 10    XL:     8   Next: 65%
Magic:  6/15       EV: 12    Int: 19    God:    Vehumet [*.....]
Gold:   171        SH:  4    Dex: 11    Spells: 5 memorised, 0 levels left

rFire  . . .     SeeInvis .     g - +2 dagger (venom)
rCold  . . .     Gourm    .     (armour unavailable)
rNeg   . . .     Faith    .     C - +0 buckler
rPois  +         Spirit   .     (helmet restricted)
rElec  .         Dismiss  .     w - +1 cloak
rCorr  .         Reflect  .     (no gloves)
SustAt .         Harm     .     (no boots)
MR     .....                    t - amulet of rage
Stlth  ++........               (no ring)
                                (no ring)

@: not resistant to hostile enchantments, unstealthy
A: breathe noxious fumes, unfitting armour, poison resistance, cold-blooded, AC
+6
a: Breathe Noxious Fumes, Renounce Religion, Evoke Berserk Rage


You were on level 7 of the Dungeon.
You worshipped Vehumet.
Vehumet was aware of your devotion.
You were very hungry.

You visited 2 branches of the dungeon, and saw 8 of its levels.

You collected 336 gold pieces.
You spent 165 gold pieces at shops.

Inventory:

Hand Weapons
 d - a +0 short sword
 e - the +2 whip "Unom" {holy, *Confuse +Inv rF+++ Int-4}
   (You bought it in a shop on level 4 of the Dungeon)

   It has been blessed by the Shining One to cause great damage to the undead
   and demons.
   It affects your intelligence (-4).
   It renders you almost immune to fire.
   It lets you turn invisible.
   It may confuse you when you take damage.
 g - a +2 dagger of venom (weapon)
 i - a +1 short sword of venom
Armour
 w - a +1 cloak (worn)
 C - a +0 buckler (worn)
Jewellery
 m - an uncursed ring of sustain attributes {unknown}
 t - an amulet of rage (around neck)
Wands
 s - a wand of heal wounds (0/9)
 B - a wand of acid (2/15)
Scrolls
 j - 4 scrolls of identify
 u - a scroll of amnesia
 y - 2 scrolls of teleportation
 E - a scroll of enchant weapon {unknown}
 G - a scroll of remove curse
Potions
 k - 2 potions of brilliance
 n - 2 potions of mutation {unknown}
 o - 2 potions of magic {unknown}
 p - 2 potions of degeneration {unknown}
 r - 3 potions of curing {unknown}
 v - 2 potions of haste {unknown}
 x - a potion of might {unknown}
 A - 2 potions of ambrosia {unknown}
 D - a potion of flight {unknown}
Books
 a - a book of Conjurations

   Spells                             Type                      Level
   a - Magic Dart                     Conjuration                  1
   b - Searing Ray                    Conjuration                  2
   c - Dazzling Spray                 Conjuration/Hexes            3
   d - Fulminant Prism                Conjuration/Hexes            4
   e - Iskenderun's Mystic Blast      Conjuration                  4
   f - Iskenderun's Battlesphere      Conjuration/Charms           5
 f - a book of Power

   Spells                             Type                      Level
   a - Fulminant Prism                Conjuration/Hexes            4
   b - Iskenderun's Mystic Blast      Conjuration                  4
   c - Venom Bolt                     Conjuration/Poison           5
   d - Bolt of Magma                  Conjuration/Fire/Earth       5
   e - Iron Shot                      Conjuration/Earth            6
   f - Orb of Destruction             Conjuration                  7
   g - Spellforged Servitor           Conjuration/Summoning        7
 q - Jessica's Handbook of Augmentations
   (You found it on level 2 of the Dungeon)

   Spells                             Type                      Level
   a - Infusion                       Charms                       1
Comestibles
 b - a bread ration
 c - 2 fruits
 h - a meat ration
 l - 4 beef jerkies
 z - 4 royal jellies


   Skills:
 - Level 1.7 Dodging
 - Level 1.7 Stealth
 - Level 4.0 Shields
 + Level 4.9 Spellcasting
 * Level 8.3 Conjurations
 - Level 2.3 Hexes
 + Level 3.5 Charms


You couldn't memorise any spells.
You knew the following spells:

 Your Spells              Type           Power        Failure   Level  Hunger
a - Magic Dart            Conj           ####         1%          1    None
b - Searing Ray           Conj           #####.       1%          2    #......
c - Fulminant Prism       Conj/Hex       ###.......   14%         4    ####...
x - Iskenderun's Mystic   Conj           #####...     4%          4    ####...
z - Iskenderun's Battles  Conj/Chrm      ####....     34%         5    ######.


Dungeon Overview and Level Annotations

Branches:
Dungeon (7/15)             Temple (1/1) D:4

Altars:
Ashenzari
Cheibriados
Dithmenos
Elyvilon
Fedhas
Gozag
Makhleb
Nemelex Xobeh
Pakellas
Qazlal
Sif Muna
Trog
Uskayaw
Vehumet
Xom
Yredelemnul
Zin
The Shining One

Shops:
D:4 (


Innate Abilities, Weirdness & Mutations

You can breathe blasts of noxious fumes.
Your lurid green scales are hard. (AC +6)
Your body does not fit into most forms of armour.
Your system is resistant to poisons. (rPois)
You are cold-blooded and may be slowed by cold attacks.


Message History

Casting: Magic Dart
Confirm with . or Enter, or press ? or * to list all spells.
Aiming: Magic Dart
Press: ? - help, Shift-Dir - straight line, f/p - orc priest
Aim: an orc priest, wielding a flail and wearing a leather armour (severely wounded)
The magic dart hits the orc priest.
The orc priest is severely wounded.
The orc priest mumbles some strange prayers to Beogh against you.
Beogh smites you!
* * * LOW HITPOINT WARNING * * *
Casting: Magic Dart
Confirm with . or Enter, or press ? or * to list all spells.
Aiming: Magic Dart
Press: ? - help, Shift-Dir - straight line, f/p - orc priest
Aim: an orc priest, wielding a flail and wearing a leather armour (severely wounded)
The magic dart hits the orc priest.
The orc priest is almost dead.
The orc priest calls down the wrath of Beogh upon you.
Beogh smites you!
You die...

♣♣ )≈ ≈≈≈ #.
≈≈≈≈ ##. ≈;≈≈≈
###.# ♣♣≈≈≈≈≈≈
#..@# ≈≈≈P≈≈≈≈
#.#o##≈♣≈≈P≈≈≈
# ##)..≈P≈≈≈≈≈
##).≈♣≈≈♣
##)#≈≈P♣
#..<♣≈≈P≈≈
#..#.≈≈≈≈♣
#..#(♣≈♣≈≈≈
#..... ≈≈≈


You could see an orc priest.

Vanquished Creatures
  An ice beast (D:5)
  A phantom (D:5)
  An ogre (D:5)
  2 centaurs
  A big kobold (D:7)
  A giant frog (D:6)
  2 electric eels (D:7)
  2 jellies
  A crimson imp (D:5)
  4 orc priests
  4 hounds
  10 orc wizards
  An iguana (D:5)
  Jessica (D:2)
  Ijyb (D:2)
  2 worker ants (D:5)
  A hound zombie (D:5)
  Robin (D:2)
  A howler monkey zombie (D:5)
  7 adders
  2 shadow imps (D:5)
  An adder skeleton (D:3)
  3 worms
  2 dart slugs (D:1)
  7 giant geckos
  20 orcs
  A giant cockroach (D:6)
  18 goblins
  14 hobgoblins
  15 jackals
  3 quokkas
  4 ball pythons
  7 bats
  6 giant newts
  9 kobolds
  A quokka skeleton (D:6)
  6 rats
  A spectral orc (D:6)
165 creatures vanquished.

Vanquished Creatures (others)
  A warg (D:2)
  A crimson imp (D:7)
2 creatures vanquished.

Grand Total: 167 creatures vanquished

Notes
Turn   | Place    | Note
--------------------------------------------------------------
     0 | D:1      | TheGoonsmith the Draconian Conjurer began the quest for the Orb.
     0 | D:1      | Reached XP level 1. HP: 14/14 MP: 3/3
   149 | D:1      | Reached XP level 2. HP: 19/20 MP: 0/5
   161 | D:1      | Learned a level 2 spell: Searing Ray
   713 | D:1      | Reached XP level 3. HP: 26/26 MP: 2/6
  1146 | D:2      | Noticed Robin
  1185 | D:2      | Killed Robin
  1185 | D:2      | Reached skill level 5 in Conjurations
  1296 | D:2      | Reached XP level 4. HP: 33/33 MP: 5/8
  1306 | D:2      | Noticed Ijyb
  1312 | D:2      | Killed Ijyb
  1460 | D:2      | Found a blossoming altar of Fedhas.
  1494 | D:2      | Noticed Jessica
  1499 | D:2      | Killed Jessica
  1572 | D:2      | Identified Jessica's Handbook of Augmentations
  1655 | D:2      | Found an oddly glowing altar of Pakellas.
  1655 | D:2      | Noticed a warg
  1669 | D:2      | Killed a warg
  1783 | D:2      | Found an opulent altar of Gozag.
  2044 | D:2      | Reached XP level 5. HP: 38/38 MP: 4/9
  2101 | D:2      | Learned a level 5 spell: Iskenderun's Battlesphere
  2289 | D:3      | Found a sparkling altar of Nemelex Xobeh.
  3062 | D:4      | Found a stormy altar of Qazlal.
  3099 | D:4      | Found a staircase to the Ecumenical Temple.
  3144 | Temple   | Entered the Ecumenical Temple
  3266 | D:4      | Reached skill level 6 in Conjurations
  3266 | D:4      | Reached skill level 1 in Charms
  3632 | D:4      | Reached XP level 6. HP: 45/45 MP: 7/11
  3690 | D:4      | Found a glowing golden altar of the Shining One.
  3899 | D:5      | Entered Level 5 of the Dungeon
  3899 | D:5      | Found a shattered altar of Ashenzari.
  4128 | D:4      | Found Itues's Antique Weapon Shop.
  4131 | D:4      | Bought an iridescent whip for 165 gold pieces
  4131 | D:4      | Identified the +2 whip "Unom" {holy, *Confuse +Inv rF+++ Int-4} (You bought it in a shop on level 4 of the Dungeon)
  4984 | D:5      | Your scales start taking on a lurid green colour.
  4984 | D:5      | Reached XP level 7. HP: 50/50 MP: 7/13
  4984 | D:5      | Gained mutation: Your system is resistant to poisons. (rPois) [Green Draconian growth]
  5174 | D:5      | Reached skill level 7 in Conjurations
  5789 | D:5      | Found a radiant altar of Vehumet.
  5938 | D:5      | Became a worshipper of Vehumet
  6299 | D:5      | Reached skill level 8 in Conjurations
  6461 | D:5      | Reached XP level 8. HP: 44/57 MP: 8/15
  6698 | D:6      | Found a hide-covered altar of Uskayaw.
  6841 | D:6      | Reached skill level 1 in Shields
  6989 | D:6      | Found a shimmering altar of Xom.
  7114 | D:6      | Reached * piety under Vehumet
  7114 | D:6      | Offered knowledge of Sting by Vehumet.
  7481 | D:6      | Found a basalt altar of Yredelemnul.
  7562 | D:6      | Learned a level 4 spell: Fulminant Prism
  7567 | D:6      | Learned a level 4 spell: Iskenderun's Mystic Blast
  7735 | D:7      | Reached skill level 1 in Hexes
  7867 | D:7      | Killed from afar by an orc priest

Vault maps used:
D:1:      eino_arrival_water_cross
D:2:      gammafunk_pakellas_its_alive, nicolae_overflow_crystal_walls,
          fedhas_altar_1, first_bread, kennysheep_jessica_study, uniq_robin,
          uniq_iyjb
D:3:      nemelex_lonely_heart_becter
D:4:      lemuel_doored_altar, old_standard_altar, temple_doors_e, serial_shops,
          kennysheep_mini_moat
D:5:      kennysheep_six_static_rooms, ashenzari_altar_1, fiery_altar_vehumet,
          hangedman_decor_lopped, hex_tiny
D:6:      yredelemnul_forgotten_temple_becter, hangedman_feature_mirror,
          nicolae_underground_beach
D:7:      okawaru_metal_pillars_1_2, grunt_livestock, grunt_ministairs_9,
          serial_bayou_lake_a
Temple:   eino_wide_crystal_templ_10

Skill      XL: |  1  2  3  4  5  6  7  8 |
---------------+-------------------------+-----
Conjurations   | 5 6 8 |  8.3
Spellcasting   | 3 4 |  4.9
Charms         | 1 2 3 |  3.5
Shields        | 4 |  4.0
Hexes          | 2 |  2.3
Dodging        | |  1.7
Stealth        | |  1.7

Action                   |  1- 3 |  4- 6 |  7- 9 || total
-------------------------+-------+-------+-------++-------
Melee: Short sword       |    40 |     8 |       ||    48
       Unarmed           |     2 |       |       ||     2
       Dagger            |       |    16 |    33 ||    49
       Tailslap          |       |       |     7 ||     7
 Cast: Magic Dart        |    71 |   150 |   177 ||   398
       Searing Ray       |       |     6 |     7 ||    13
 Abil: Breathe Noxious F |       |       |     2 ||     2
Evoke: Wand              |       |     2 |       ||     2
  Use: Scroll            |       |    10 |     2 ||    12
  Eat: Chunk             |     2 |    11 |     4 ||    17
       Bread ration      |       |       |     1 ||     1
Armor: Skin              |     7 |    20 |    28 ||    55
Dodge: Dodged            |    40 |    39 |    52 ||   131
Block: Buckler           |       |       |     2 ||     2
